 BcadrenCrawl: Boulder Brew version 0.03.3.1-19-g2523139174 (webtiles) character file.

Game seed: 3974918515183664435, levelgen mode: deterministic

63 Chiseanne the Ducker (level 4, 29/29 HPs) Goblin Demonspawn. Began on Mar 15, 2021. Quit the game on level 2 of the Dungeon. The game lasted 00:01:50 (606 turns).

Chiseanne the Ducker (Goblin Demonspawn)             Turns: 606, Time: 00:01:51

Health: 29/29      AC:  3    Str:  8    XL:     4 ^: 48
Magic:  5/5        EV: 31    Int:  6    God:
Gold:   74         SH:  0    Dex:  6    Spells: 4/5 levels left

rFire    . . .     Vision   .   a - +0 rapier
rCold    . . .     Gourm    .   c - +0 short sword
rNeg     . . .     Faith    .   b - +0 leather armour
rPois    .         Spirit   .   (helmet restricted)
rElec    .         Reflect  .   (no cloak)
rCorr    .         Harm     .   (no gloves)
MR       .....                  (no boots)
Stlth    +++.......             g - amulet of the acrobat
HPRegen  0.19/turn              e - ring of stealth
MPRegen  0.15/turn              (no ring)

@: acrobat
A: small, stagnant stats, goblin's greed, antennae 1, repulsion field 1, low mp
1, mutation resistance 1, god's pity 2
a: no special abilities


You were on level 2 of the Dungeon.
You were not hungry.

You visited 1 branch of the dungeon, and saw 2 of its levels.

You collected 62 gold pieces.

Inventory:

Weapons
 a - a +0 rapier (weapon)
 c - a +0 short sword (weapon)
Armour
 b - a +0 leather armour (worn)
Jewellery
 e - a ring of stealth (left hand)
 g - an amulet of the acrobat (around neck)
 i - a cursed amulet of the gourmand {(Curse: *Drain)}
 n - an uncursed amulet of reflection
Scrolls
 h - a scroll of teleportation
 j - a scroll of fear
 m - a scroll of enchantment
Potions
 f - a potion of lignification
 k - a potion of haste
 l - 2 potions of might
 o - a potion of heal wounds
Comestibles
 d - 5 rations


   Skills:
 - Level 2.3 Fighting
 * Level 3.7 Short Blades
 * Level 4.8 Dodging
 * Level 3.3 Stealth
 - Level 1.3 Spellcasting
 - Level 2.6 Fire Magic
   Level 4.0 Invocations


You had 4 spell levels left.
You knew the following spells:

 Your Spells              Type           Power        Failure   Level  Hunger
a - Flame Tongue          Fire           3 (30)       17%         1    ##.....

Your spell library contained the following spells:

 Spells                   Type           Power        Failure   Level  Hunger
 Conjure Flame            Fire           3 (100)      45%         3    ####...
 Blink                    Tloc           N/A          61%         2    ###....
 Call Imp                 Summ           0 (100)      61%         2    ###....
 Slow                     Hex            0 (100)      61%         2    ###....
 Mephitic Cloud           Pois/Air       0 (100)      83%         3    ####...


Dungeon Overview and Level Annotations

Branches:
Dungeon (2/8)

Altars:


Innate Abilities, Weirdness & Mutations

Your stats never grow through leveling.
Your goblin ancestry allows you to find more gold. (+20%)
You are small and have problems with some larger weapons.
You have a pair of small antennae on your head.
You are surrounded by a mild repulsion field. (EV +2)
Your magical capacity is low. (-10% MP)
You are somewhat resistant to further mutation.
The pity of the gods increases the power of your passive and invoked divine abilities.


Message History

Things that are here:
a rat skeleton x2
Partly explored, can't reach some places.
Partly explored, can't reach some places.
Okay, then.
(D) Dungeon
Where to? (? - help)
There is a stone staircase leading down here.
You climb downwards.
A rat, 8 sewer rats, a jelly and 2 giant cockroaches come into view.
There is a stone staircase leading up here.
The helpless jelly fails to defend itself.
You impale the jelly (18)!!
You kill the jelly!
Your Stealth skill increases to level 3!
You have reached level 4!
Your demonic ancestry asserts itself...
A pair of antennae grows on your head!
There is a stone staircase leading up here.
Are you sure you want to abandon this character and quit the game? (Confirm with "yes".)

≈≈. ≈≈≈≈≈≈ ..
≈≈...... .
#≈##≈#..#≈## .r#
≈......≈#..
#...##≈.........
#rrr............
....r...........
#....r.@........
r...r......≈#..
r#..s......##
##≈s..≈####
#....≈# ≈≈....##
####≈.# ###


You could see 8 sewer rats, 2 giant cockroaches and a rat (sleeping).

Vanquished Creatures
  A jelly (D:2)
  An ooze (D:1)
  A dart slug (D:1)
  3 leopard geckos (D:1)
  4 goblins (D:1)
  2 hobgoblins (D:1)
  6 kobolds (D:1)
  A ball python (D:1)
  3 bats (D:1)
  5 rats (D:1)
27 creatures vanquished.

Notes
Turn   | Place    | Note
-------+----------+-------------------------------------------
     0 | D:1      | Chiseanne the Goblin Demonspawn began the quest for the
                  | Orb.
     0 | D:1      | Reached XP level 1. HP: 13/13 MP: 2/2
    50 | D:1      | Gained mutation: You are surrounded by a mild repulsion
                  | field. (EV +2) [demonic ancestry]
    50 | D:1      | Reached XP level 2. HP: 14/19 MP: 3/3
   159 | D:1      | Reached XP level 3. HP: 24/24 MP: 4/4
   604 | D:2      | Gained mutation: You have a pair of small antennae on your
                  | head. [demonic ancestry]
   604 | D:2      | Reached XP level 4. HP: 29/29 MP: 5/5
   606 | D:2      | Quit the game

Levels and vault maps discovered:
D:1:      tarquinn_simple_flora_water_f, layout_cave_pools, first_ration,
          minmay_pentomino_v4
D:2:      layout_sewer, purgy_house

Skill      XL: |  1  2  3 |
---------------+----------+-----
Short Blades   | 3 |  3.7
Fighting       | 2 |  2.3
Stealth        | 3 |  3.3
Dodging        | |  4.8
Spellcasting   | |  1.3
Fire Magic     | |  2.6
Invocations    | |  4.0

Action                   |  1- 3 |  4- 6 || total
-------------------------+-------+-------++-------
Melee: Rapier            |    56 |       ||    56
       Unarmed           |     9 |       ||     9
       Short sword       |    26 |       ||    26
 Stab: Sleeping          |     3 |       ||     3
Armor: Leather armour    |     5 |       ||     5
Dodge: Dodged            |    57 |       ||    57
